 Dungeon Crawl Stone Soup version 0.19-a0-1896-g611e798 (webtiles) character file.

176808 Jorund the Executioner (level 18, -1/126 HPs)
             Began as a Formicid Fighter on Oct 19, 2016.
             Was the Champion of Okawaru.
             Slain by an emperor scorpion (11 damage)
             ... on level 4 of the Spider Nest.
             The game lasted 01:23:57 (24888 turns).

Jorund the Executioner (Formicid Fighter)          Turns: 24888, Time: 01:23:58

Health: -1/126     AC: 52    Str: 28    XL:     18   Next: 81%
Magic:  0/33       EV: 10    Int: 10    God:    Okawaru [******]
Gold:   2200       SH: 21    Dex: 10    Spells: 0 memorised, 17 levels left

rFire  + . .     SeeInvis +     k - +9 battleaxe (freeze)
rCold  + + +     Gourm    .     W - +13 crystal plate armour of the Orb {+Inv rC+++ Int-2 SInv}
rNeg   + . .     Faith    .     Z - +5 shield {AC+3}
rPois  +         Spirit   .     (helmet unavailable)
rElec  .         Reflect  .     C - +2 cloak
rCorr  .         Harm     .     o - +1 pair of gloves of Fohu {rC+ MR- MP+9 Slay+2}
MR     .....                    Q - +2 pair of boots
Stlth  ..........               F - amulet of regeneration
                                R - ring of Pyrapon {-Tele rF+ rC+ rN+ Int+3}
                                Y - ring of poison resistance

@: lethally poisoned (-1 -> -26), heroism, studying Invocations
A: permanent stasis, dig shafts and tunnels, four strong arms, antennae 3, frail
1
a: Dig, Shaft Self, Heroism, Finesse, Renounce Religion, Evoke Invisibility


You were on level 4 of the Spider Nest.
You worshipped Okawaru.
Okawaru was exalted by your worship.
You were not hungry.

You visited 5 branches of the dungeon, and saw 28 of its levels.
You also visited: Labyrinth and Volcano.

You collected 2707 gold pieces.
You spent 507 gold pieces at shops.

Inventory:

Hand Weapons
 k - a +9 battleaxe of freezing (weapon)
 A - a +6 battleaxe of freezing
 I - a +0 blowgun
 L - the +2 mace of Scorn {freeze, Str+4}
   (You took it off an orc warrior on level 8 of the Dungeon)

   It has been specially enchanted to freeze those struck by it, causing extra
   injury to most foes and up to half again as much damage against particularly
   susceptible opponents.
   It can also slow down cold-blooded creatures.
   It affects your strength (+4).
Missiles
 G - a throwing net (quivered)
 M - 11 curare-tipped needles
Armour
 l - the +0 large shield of Hesix {*Contam Str+4 Slay+3}
   (You found it on level 4 of the Spider Nest)

   It affects your strength (+4).
   It affects your accuracy and damage with ranged weapons and melee attacks
   (+3).
   It causes magical contamination when unequipped.
 o - the +1 pair of gloves of Fohu (worn) {rC+ MR- MP+9 Slay+2}
   (Okawaru gifted it to you on level 14 of the Dungeon)

   It affects your accuracy and damage with ranged weapons and melee attacks
   (+2).
   It protects you from cold.
   It affects your resistance to hostile enchantments.
   It affects your magic capacity (+9).
 C - a +2 cloak (worn)
 Q - a +2 pair of boots (worn)
 V - the +7 chain mail of Xohuxie {rElec Str-3 Dex+2 Slay+5}
   (You found it on level 5 of the Lair of Beasts)

   It affects your strength (-3).
   It affects your dexterity (+2).
   It affects your accuracy and damage with ranged weapons and melee attacks
   (+5).
   It insulates you from electricity.
 W - the +13 crystal plate armour of the Orb (worn) {+Inv rC+++ Int-2 SInv}
   (Okawaru gifted it to you on level 5 of the Lair of Beasts)

   It affects your intelligence (-2).
   It renders you almost immune to cold.
   It lets you see invisible.
   It lets you turn invisible.
 Z - a +5 shield of protection (worn)
Jewellery
 y - an uncursed ring of protection from fire
 F - an amulet of regeneration (around neck)
 H - a +6 amulet of reflection
 R - the ring of Pyrapon (right hand) {-Tele rF+ rC+ rN+ Int+3}
   (You bought it in a shop on level 12 of the Dungeon)

   [ring of intelligence]

   It affects your intelligence (+3).
   It protects you from fire.
   It protects you from cold.
   It protects you from negative energy.
   It prevents most forms of teleportation.
 Y - a ring of poison resistance (left hand)
Wands
 a - a wand of acid (0/15)
 c - a wand of lightning (7/15)
 g - a wand of iceblast (8/15)
 v - a wand of teleportation (1/9)
 w - a wand of paralysis (16/24)
 x - a wand of acid (4/15)
 J - a wand of hasting (4/9)
 P - a wand of digging (10/24)
 T - a wand of teleportation (4/9)
Scrolls
 e - a scroll of fear
 i - 6 scrolls of fog
 j - 7 scrolls of identify
 m - 4 scrolls of amnesia
 q - 2 scrolls of recharging
 t - 2 scrolls of enchant weapon
 B - 3 scrolls of remove curse
 E - 2 scrolls of enchant armour
Potions
 b - 3 potions of brilliance
 d - 3 potions of ambrosia
 h - 3 potions of resistance
 n - 6 potions of flight
 p - 6 potions of curing
 u - 3 potions of cancellation
 D - 2 potions of invisibility
 S - 2 potions of magic
Books
 O - a manual of Invocations
Miscellaneous
 X - a fan of gales
Comestibles
 f - 15 bread rations
 r - 6 meat rations
 s - 29 fruits
 K - 2 beef jerkies
 N - 16 royal jellies
 U - 4 slices of pizza


   Skills:
 + Level 12.3(17.3) Fighting
 + Level 21.2(26.2) Axes
 + Level 13.3(18.3) Armour
 - Level 3.1(8.1) Dodging
 - Level 15.3(20.3) Shields
 - Level 8.4 Invocations


You had 17 spell levels left.
You didn't know any spells.

Dungeon Overview and Level Annotations

Branches:
Dungeon (15/15)            Temple (1/1) D:6            Lair (6/6) D:9
 Shoals (0/4) Lair:4       Spider (4/4) Lair:3        Slime (0/5) Lair:6
    Orc (2/2) D:10            Elf (0/3) Orc:2        Vaults (0/5) D:13
 Depths (0/5) D:15

Altars:
Ashenzari
Cheibriados
Dithmenos
Elyvilon
Fedhas
Gozag
Hepliaklqana
Kikubaaqudgha
Makhleb
Nemelex Xobeh
Okawaru
Qazlal
Ru
Sif Muna
Trog
Uskayaw
Vehumet
Xom
Yredelemnul
Zin
The Shining One
Beogh

Shops:
D:7 }(}}}   D:11 (   D:12 =}(*   Orc:2 %(*((

Annotations:
D:13 Kirke
Spider:4 exclusion: Roxanne, Roxanne


Innate Abilities, Weirdness & Mutations

You are under a permanent stasis effect.
You can dig through walls and to a lower floor.
Your four strong arms can wield two-handed weapons with a shield.
You have a pair of large antennae on your head. (SInv)
You are frail. (-10% HP)


Message History

The emperor scorpion is severely wounded.
You slice the moth of wrath!! You freeze the moth of wrath.
You kill the moth of wrath!
Okawaru accepts your kill. The emperor scorpion stings you!
* * * LOW HITPOINT WARNING * * *
The emperor scorpion claws you but does no damage.
You block the emperor scorpion's attack.
You feel better. You block the tarantella's attack.
The ghost moth stares at you.
You feel your power leaking away.
The emperor scorpion stings you but does no damage.
You block the emperor scorpion's attack.
The emperor scorpion claws you but does no damage.
Unknown command.
You feel better. The emperor scorpion stings you!
* * * LOW HITPOINT WARNING * * *
You are lethally poisoned!
The emperor scorpion poisons you! The emperor scorpion claws you!
You die...

##......^.#....^..#
#........##.....###
#........##......##
#<.^...####.......##
##.##^## #........###
###### #...^.......
####### ##..........
###≈≈s†^#######....#..
# ######....@sss≈#
##..###. ##
###.......####y....≈
#### ## .#
#^....≈####{ ...≈. #
.# ##..≈#### s.≈^^ #
####..^.# ..#
≈##.≈...# { ..{
###≈≈..≈## #
###.^.†≈≈#### {
≈###....≈≈≈≈#


You could see an emperor scorpion (berserk), a ghost moth (invisible), an orb
spider and 2 tarantellas.

Vanquished Creatures
  Mara (Spider:3)
  Arachne (Spider:2)
  Asterion (Spider:2)
  Agnes (D:15)
  An orc warlord (Orc:2)
  Louise (Spider:3)
  2 ghost moths
  A juggernaut zombie (D:15)
  Aizul (Spider:3)
  7 emperor scorpions
  Nessos (D:15)
  Azrael (Orc:2)
  A spark wasp (Spider:2)
  A minotaur (Lab)
  2 ogre magi
  3 catoblepae (Lair:6)
  Harold (D:10)
  A vault guard (D:13)
  3 hydras
  The ghost of Naow the Commander, a journeyman FoFi of Okawaru (Volcano)
  Erolcha (D:13)
  3 centaur warriors (D:15)
  12 death yaks (Lair:6)
  A death knight (D:14)
  The ghost of GsBirdie the Severer, a novice MiBe of Trog (D:9)
  An orc high priest (Orc:2)
  The ghost of GsBirdie the Cleaver, a novice MiBe of Trog (D:13)
  A vampire mage (D:15)
  Urug (D:15)
  4 tengu warriors
  A sun demon (Volcano)
  Sonja (D:13)
  2 unseen horrors
  2 skeletal warriors
  An orc knight (D:15)
  A deep elf archer (Orc:2)
  A frost giant zombie (D:15)
  3 hill giants
  22 wolf spiders
  13 orb spiders
  3 cyclopes
  A necromancer (D:15)
  A wolf spider zombie (D:14)
  7 orc sorcerers
  A moth of wrath (Spider:4)
  4 ugly things
  4 manticores
  7 black mambas
  Maurice (D:10)
  A frost giant skeleton (D:15)
  A torpor snail (Spider:2)
  5 elephants (Lair:6)
  A gargoyle (D:15)
  A spiny frog (shapeshifter) (D:14)
  9 spiny frogs
  2 komodo dragons
  A queen bee (D:10)
  2 red devils (Volcano)
  18 demonic crawlers
  34 jumping spiders
  A guardian mummy (D:15)
  2 merfolk (Lair:4)
  A troll (shapeshifter) (D:11)
  The ghost of Tekks the Covert, a novice SpAs (D:5)
  4 hornets
  A polar bear (Lair:2)
  6 trolls
  7 two-headed ogres
  13 blink frogs
  An ettin zombie (D:15)
  A hippogriff (shapeshifter) (D:15)
  11 hippogriffs
  A vampire (D:13)
  A wraith (D:15)
  A shadow (D:15)
  74 redbacks
  2 wyverns (D:9)
  4 basilisks
  30 tarantellas
  45 yaks
  7 hogs (D:13)
  6 fire elementals (Orc:2)
  9 fire bats
  3 hungry ghosts
  Eustachio (D:5)
  2 mottled dragons
  7 vampire mosquitoes
  7 wargs
  A soldier ant (D:10)
  12 water moccasins
  2 hell hounds
  7 porcupines
  3 ice beasts
  2 sky beasts
  33 orc warriors
  A black bear (D:8)
  A necrophage (D:13)
  2 phantoms
  6 wolves (Lair:1)
  9 crocodiles
  16 ogres
  14 centaurs
  A big kobold (D:9)
  16 bullfrogs
  A gnoll sergeant (D:11)
  A wyvern skeleton (D:8)
  7 scorpions
  29 killer bees
  3 electric eels
  4 howler monkeys
  4 wights (D:9)
  5 crimson imps
  6 lava snakes (Volcano)
  A quasit (D:13)
  2 centaur zombies
  A bullfrog zombie (D:4)
  4 jellies
  5 centaur skeletons
  5 hounds
  2 bullfrog skeletons (D:9)
  27 orc priests
  40 orc wizards
  5 iguanas
  7 worker ants
  A killer bee zombie (D:5)
  A worker ant zombie (D:8)
  5 gnolls (D:11)
  14 adders
  A howler monkey skeleton (D:10)
  4 shadow imps
  4 oozes
  An adder skeleton (D:4)
  3 worms
  3 dart slugs
  9 leopard geckos
  111 orcs
  7 giant cockroaches
  11 hobgoblins
  17 jackals
  7 quokkas
  6 ball pythons
  11 bats
  3 frilled lizards
  8 goblins
  18 kobolds
  A quokka zombie (D:6)
  6 rats
  2 fungi
  2 plants
999 creatures vanquished.

Vanquished Creatures (others)
  An emperor scorpion (Spider:2)
  An orc wizard (Orc:2)
  A fungus (Lair:4)
  2 plants (Lair:6)
5 creatures vanquished.

Grand Total: 1004 creatures vanquished

Notes
Turn   | Place    | Note
-------+----------+-------------------------------------------
     0 | D:1      | Jorund the Formicid Fighter began the quest for the Orb.
     0 | D:1      | Reached XP level 1. HP: 18/18 MP: 1/1
    88 | D:1      | Reached XP level 2. HP: 22/24 MP: 2/2
   421 | D:1      | Reached XP level 3. HP: 27/29 MP: 3/3
   493 | D:2      | Reached skill level 3 in Axes
   628 | D:2      | Reached XP level 4. HP: 34/35 MP: 4/4
  1017 | D:2      | Found a sacrificial altar of Ru.
  1026 | D:2      | Reached skill level 4 in Axes
  1026 | D:2      | Reached XP level 5. HP: 41/41 MP: 5/5
  1124 | D:2      | Found a burning altar of Makhleb.
  1293 | D:3      | Found a stormy altar of Qazlal.
  1390 | D:3      | Reached skill level 5 in Axes
  1391 | D:3      | Reached XP level 6. HP: 30/47 MP: 6/6
  1592 | D:3      | Found a stormy altar of Qazlal.
  1595 | D:3      | Noticed a fire elemental
  1595 | D:3      | Noticed a water elemental
  1760 | D:3      | Noticed an air elemental
  2200 | D:4      | Reached skill level 6 in Axes
  2317 | D:4      | Noticed an ogre
  2327 | D:4      | Killed an ogre
  2327 | D:4      | Reached XP level 7. HP: 39/52 MP: 7/7
  2854 | D:5      | Entered Level 5 of the Dungeon
  2885 | D:5      | Reached skill level 7 in Axes
  3047 | D:5      | Noticed Eustachio
  3065 | D:5      | Killed Eustachio
  3248 | D:5      | Reached XP level 8. HP: 48/58 MP: 8/8
  3304 | D:5      | Noticed Tekks's ghost (novice SpAs)
  3315 | D:5      | Reached skill level 8 in Axes
  3328 | D:5      | Killed Tekks's ghost
  3328 | D:5      | Reached skill level 5 in Armour
  3395 | D:5      | Reached skill level 9 in Axes
  4126 | D:6      | Found a staircase to the Ecumenical Temple.
  4170 | D:7      | Found Xoelijodu's Gadget Boutique.
  4184 | Temple   | Entered the Ecumenical Temple
  4191 | Temple   | Became a worshipper of Warmaster Okawaru
  4239 | D:7      | Found Aplaji's Gadget Shoppe.
  4266 | D:7      | Found Zech's Gadget Emporium.
  4336 | D:7      | Reached skill level 10 in Axes
  4336 | D:7      | Reached XP level 9. HP: 59/64 MP: 9/9
  4372 | D:7      | Found Boud Hann's Gadget Boutique.
  4471 | D:7      | Found Pirhupuff's Antique Weapon Emporium.
  5114 | D:8      | Reached skill level 11 in Axes
  5131 | D:8      | Reached * piety under Okawaru
  5305 | D:8      | Got a jewelled mace {freeze}
  5544 | D:8      | Identified the +2 mace of Scorn {freeze, Str+4} (You took it off an orc warrior on level 8 of the Dungeon)
  5779 | D:9      | Got a faintly glowing war axe
  5780 | D:9      | Identified the +4 war axe "Eskixt" {protect, Str+2 SInv Stlth+} (You found it on level 9 of the Dungeon)
  5826 | D:9      | Reached ** piety under Okawaru
  5826 | D:9      | Reached skill level 12 in Axes
  5826 | D:9      | Reached XP level 10. HP: 37/70 MP: 10/10
  5939 | D:9      | Found a staircase to the Lair.
  6035 | D:9      | Noticed GsBirdie's ghost (novice MiBe)
  6548 | D:9      | Killed GsBirdie's ghost
  6548 | D:9      | Reached skill level 13 in Axes
  7119 | D:9      | Reached *** piety under Okawaru
  7252 | D:10     | Entered Level 10 of the Dungeon
  7322 | D:10     | Reached **** piety under Okawaru
  7322 | D:10     | Reached skill level 1 in Invocations
  7322 | D:10     | Reached XP level 11. HP: 52/75 MP: 11/11
  7476 | D:10     | Reached skill level 14 in Axes
  7488 | D:10     | Noticed Maurice
  7500 | D:10     | Killed Maurice
  7603 | D:10     | Found a staircase to the Orcish Mines.
  7664 | D:10     | Noticed a hill giant
  8274 | D:10     | Noticed Harold
  8287 | D:10     | Killed Harold
  8307 | D:10     | Killed a hill giant
  8430 | D:10     | Reached skill level 15 in Axes
  8440 | D:10     | Reached ***** piety under Okawaru
  8501 | D:10     | Noticed a hill giant
  9112 | D:10     | Killed a hill giant
  9222 | Lair:1   | Entered Level 1 of the Lair of Beasts
  9434 | Lair:1   | Found a dark tunnel.
  9612 | Volcano  | Entered a volcano
  9633 | Volcano  | Noticed Naow's ghost (journeyman FoFi)
  9667 | Volcano  | Killed Naow's ghost
  9667 | Volcano  | Received a gift from Okawaru
  9667 | Volcano  | Reached XP level 12. HP: 77/83 MP: 12/14
  9936 | Volcano  | Noticed a sun demon
  9951 | Volcano  | Killed a sun demon
  9982 | Volcano  | Found a bloodstained altar of Trog.
  9983 | Volcano  | Reached skill level 5 in Fighting
 10008 | Volcano  | Found a radiant altar of Vehumet.
 10285 | Lair:1   | Reached skill level 16 in Axes
 10612 | Lair:1   | Reached skill level 5 in Invocations
 10716 | Lair:2   | Found a burning altar of Makhleb.
 11284 | Lair:2   | Received a gift from Okawaru
 11284 | Lair:2   | Reached XP level 13. HP: 83/93 MP: 17/17
 11314 | Lair:2   | Reached skill level 10 in Armour
 11784 | Lair:3   | Noticed a four-headed hydra
 11798 | Lair:3   | Killed a four-headed hydra
 11836 | Lair:3   | Found a hole to the Spider Nest.
 12420 | Lair:3   | Reached skill level 17 in Axes
 13048 | Lair:4   | Noticed an eight-headed hydra
 13257 | Lair:4   | Found a staircase to the Shoals.
 13834 | Lair:5   | Received a gift from Okawaru
 13835 | Lair:5   | Got a smoking crystal plate armour {god gift}
 13965 | Lair:5   | Identified the +13 crystal plate armour of the Orb {+Inv rC+++ Int-2 SInv} (Okawaru gifted it to you on level 5 of the Lair of Beasts)
 14072 | Lair:5   | Got a spiked chain mail
 14419 | Lair:6   | Entered Level 6 of the Lair of Beasts
 14540 | Lair:6   | Reached ****** piety under Okawaru
 14596 | Lair:6   | Reached XP level 14. HP: 104/104 MP: 20/20
 14667 | Lair:6   | Found a staircase to the Slime Pits.
 14669 | Lair:6   | Reached XP level 15. HP: 110/110 MP: 21/21
 14950 | Lair:6   | Reached skill level 18 in Axes
 14960 | Lair:6   | Reached skill level 10 in Shields
 15539 | Lair:1   | Identified the +7 chain mail of Xohuxie {rElec Str-3 Dex+2 Slay+5} (You found it on level 5 of the Lair of Beasts)
 15943 | D:11     | Found Liacevua's Antique Weapon Emporium.
 16102 | D:12     | Found Rov Zunk's General Store.
 16152 | D:12     | Found Nibiqit's Antique Weapon Shop.
 16198 | D:12     | Found Genach's Gadget Shoppe.
 16271 | D:12     | Found Saeblerch's Jewellery Boutique.
 16289 | D:12     | Bought the ring of Pyrapon {-Tele rF+ rC+ rN+ Int+3} for 423 gold pieces
 16436 | D:13     | Noticed GsBirdie's ghost (novice MiBe)
 16447 | D:13     | Killed GsBirdie's ghost
 16551 | D:13     | Noticed Sonja
 16555 | D:13     | Killed Sonja
 16563 | D:13     | Noticed Erolcha
 16571 | D:13     | Received a gift from Okawaru
 16574 | D:13     | Killed Erolcha
 16709 | D:13     | Found a gate to the Vaults.
 16917 | Orc:1    | Entered Level 1 of the Orcish Mines
 17092 | Orc:1    | Found a roughly hewn altar of Beogh.
 17336 | Orc:2    | Entered Level 2 of the Orcish Mines
 17338 | Orc:2    | Found Pepnan's Food Shop.
 17382 | Orc:2    | Noticed Azrael
 17398 | Orc:2    | Killed Azrael
 17398 | Orc:2    | Reached XP level 16. HP: 72/120 MP: 22/22
 17403 | Orc:2    | Reached skill level 19 in Axes
 17766 | Orc:2    | Reached skill level 10 in Fighting
 18140 | Orc:2    | Found a staircase to the Elven Halls.
 18236 | Orc:2    | Found Tianoon's Weapon Boutique.
 18236 | Orc:2    | Found Guthry Gyuri's Antique Weapon Boutique.
 18237 | Orc:2    | Found Ifaihy's General Store.
 18240 | Orc:2    | Found Riaxzemn's Weapon Shop.
 18245 | Orc:2    | Bought 2 potions of curing for 84 gold pieces
 18605 | D:13     | Noticed Kirke
 19061 | D:14     | Received a gift from Okawaru
 19072 | D:14     | Got a pair of smoking gloves {god gift}
 19091 | D:14     | Identified the +1 pair of gloves of Fohu {rC+ MR- MP+9 Slay+2} (Okawaru gifted it to you on level 14 of the Dungeon)
 19567 | D:15     | Entered Level 15 of the Dungeon
 19605 | D:15     | Found a labyrinth entrance.
 19614 | Lab      | Entered a labyrinth
 20194 | D:15     | Noticed Nessos
 20225 | D:15     | Killed Nessos
 20230 | D:15     | Noticed Agnes
 20237 | D:15     | Killed Agnes
 20249 | D:15     | Found a staircase to the Depths.
 20566 | D:15     | Noticed Urug
 20584 | D:15     | Killed Urug
 20598 | D:15     | Reached skill level 20 in Axes
 20619 | D:15     | Reached XP level 17. HP: 112/127 MP: 23/23
 21207 | Spider:1 | Entered Level 1 of the Spider Nest
 21304 | Spider:1 | Received a gift from Okawaru
 22252 | Spider:2 | Received a gift from Okawaru
 22460 | Spider:2 | Noticed Arachne
 22484 | Spider:2 | Reached skill level 15 in Shields
 22497 | Spider:2 | Killed Arachne
 22724 | Spider:2 | Received a gift from Okawaru
 23024 | Spider:2 | Noticed Asterion
 23036 | Spider:2 | Killed Asterion
 23036 | Spider:2 | Reached XP level 18. HP: 110/136 MP: 24/24
 23500 | Spider:3 | Noticed Aizul
 23514 | Spider:3 | Killed Aizul
 23600 | Spider:3 | Noticed Louise
 23608 | Spider:3 | Reached skill level 1 in Dodging
 23612 | Spider:3 | Killed Louise
 23644 | Spider:3 | Noticed Mara
 23717 | Spider:3 | Killed Mara
 23717 | Spider:3 | Reached skill level 21 in Axes
 24111 | Spider:4 | Entered Level 4 of the Spider Nest
 24288 | Spider:4 | Noticed Roxanne
 24579 | Spider:4 | Received a gift from Okawaru
 24670 | Spider:4 | Got a transparent large shield
 24681 | Spider:4 | Identified the +0 large shield of Hesix {*Contam Str+4 Slay+3} (You found it on level 4 of the Spider Nest)
 24688 | Spider:4 | Gained mutation: You are frail. (-10% HP) [mutagenic glow]
 24886 | Spider:4 | HP: 2/126 [emperor scorpion (16)]
 24888 | Spider:4 | Slain by an emperor scorpion

Vault maps used:
D:1:      lightli_arrival_boilingwater, minmay_distorted
D:2:      overflow_temple_1_default, nicolae_ru_great_annihilating_truth,
          serial_glass, glass_columns_a, glass_columns_b, glass_columns_a,
          glass_columns_a, glass_columns_b, glass_columns_b, glass_columns_a,
          glass_columns_b, glass_columns_a, glass_columns_c, glass_columns_a,
          glass_columns_b, glass_columns_b, glass_columns_a
D:3:      lemuel_crystal_altar, first_bread, nicolae_qazlal_style_of_elements
D:5:      uniq_eustachio
D:7:      serial_shops, shop, nicolae_shop_temple_entry_statues_fountains, shop,
          shop, nicolae_shop_trees
D:9:      lair_0_dummy
D:10:     david_orc_2, hangedman_pestilent_swarm, minivault_7, uniq_harold,
          uniq_maurice
D:11:     serial_shops, shop
D:12:     serial_shops, nicolae_shop_stone, shop, nicolae_shop_behind_doors,
          nicolae_shop_stone
D:13:     david_vaults_5, uniq_sonja, uniq_erolcha, uniq_kirke
D:14:     fountainhead, hangedman_corner_corridor
D:15:     gammafunk_depths_entry_grave, lab_entry_generic, minmay_fountain_box,
          spider_trap, uniq_urug, uniq_nessos, uniq_agnes
Temple:   nicolae_temple_no_exploring_needed
Lair:1:   nicolae_volcano_entry_batcave, lemuel_fruit_fields
Lair:2:   basic_altar
Lair:3:   dummy_spider_entry, serial_bayou_shore_a
Lair:4:   elwin_shoals_entry_rooms, minivault_11
Lair:6:   evilmike_catoblepas_cave, slime_dummy, st_stairs_3,
          lemuel_fruit_fields
Spider:2: nicolae_spider_corner, uniq_asterion, uniq_arachne
Spider:3: uniq_louise, uniq_mara, uniq_aizul
Spider:4: grunt_spider_rune_circles, uniq_roxanne
Orc:1:    mines2_david
Orc:2:    st_orc_mages, serial_shops, shop, uniq_azrael
Lab:      labyrinth_fake_exit
Volcano:  volcano_grotto

Skill      XL: |  1  2  3  4  5  6  7  8  9 10 11 12 13 14 15 16 17 18 |
---------------+-------------------------------------------------------+-----
Axes           | 3 4 5 6 7 10 12 13 15 16 17 18 20 21 | 21.2
Armour         | 4 5 6 7 9 10 11 12 13 | 13.3
Invocations    | 1 2 5 8 |  8.4
Fighting       | 4 6 7 9 10 12 | 12.3
Shields        | 9 11 12 15 | 15.3
Dodging        | 3 |  3.1

Action                   |  1- 3 |  4- 6 |  7- 9 | 10-12 | 13-15 | 16-18 || total
-------------------------+-------+-------+-------+-------+-------+-------++-------
Melee: War axe           |    86 |   227 |   184 |   336 |       |       ||   833
       Hand axe          |       |       |   154 |       |       |       ||   154
       Battleaxe         |       |       |       |   186 |   584 |  1073 ||  1843
       Mace              |       |       |       |       |     9 |    16 ||    25
       Punch             |       |       |       |       |     1 |       ||     1
Throw: Javelin           |       |       |    10 |    18 |     6 |       ||    34
       Throwing net      |       |       |       |       |       |     1 ||     1
Invok: Heroism           |       |       |       |     5 |     3 |     9 ||    17
       Finesse           |       |       |       |       |       |     7 ||     7
 Abil: Dig               |       |       |       |       |       |     4 ||     4
Evoke: Wand              |       |       |       |       |     5 |     5 ||    10
  Use: Scroll            |       |    14 |     8 |    10 |     7 |    10 ||    49
       Potion            |       |     1 |     2 |     6 |     4 |    10 ||    23
 Stab: Paralysed         |       |     1 |       |       |       |       ||     1
       Sleeping          |       |       |     1 |       |       |       ||     1
       Petrifying        |       |       |       |       |       |     1 ||     1
  Eat: Chunk             |       |     5 |    11 |    18 |    21 |    20 ||    75
       Fruit             |       |       |       |     3 |       |     2 ||     5
       Beef jerky        |       |       |       |       |       |     1 ||     1
       Bread ration      |       |       |       |       |       |     1 ||     1
Armor: Scale mail        |    28 |       |       |       |       |       ||    28
       Leather armour    |    24 |   100 |   123 |    21 |       |       ||   268
       Plate armour      |       |       |       |   298 |    86 |       ||   384
       Crystal plate arm |       |       |       |       |   357 |   809 ||  1166
Dodge: Dodged            |    39 |   147 |   176 |   198 |   152 |   202 ||   914
Block: Shield            |    62 |    52 |       |       |       |   635 ||   749
       Buckler           |       |       |       |       |    37 |    81 ||   118
